 Dungeon Crawl Stone Soup version 0.27.1-3-gb3d3a73c9e (webtiles) character file.

Game seed: 4196207200171471320

1239 CuBeRJAN3 the Skirmisher (level 8, -1/68 HPs)
             Began as a Ghoul Wanderer on Oct 27, 2021.
             Was an Initiate of Wu Jian.
             Engulfed by a steam dragon's steam (10 damage)
             ... on level 5 of the Dungeon.
             The game lasted 00:31:51 (8685 turns).

CuBeRJAN3 the Skirmisher (Ghoul Wanderer)           Turns: 8685, Time: 00:31:52

Health: -1/68      AC: 15    Str: 15    XL:     8   Next: 49%
Magic:  10/10      EV:  9    Int:  8    God:    Wu Jian [......]
Gold:   341        SH:  0    Dex: 16    Spells: 7/11 levels left

rFire    . . .     SeeInvis .     - Unarmed
rCold    + . .     Faith    .   (no shield)
rNeg     + + +     Spirit   .   b - +2 scale mail
rPois    ∞         Reflect  .   q - +1 helmet
rElec    .         Harm     .   (no cloak)
rCorr    .         Rampage  .   (no gloves)
Will     .....                  (no boots)
Stlth    +.........             i - amulet of magic regeneration
HPRegen  0.21/turn              p - +6 ring of dexterity
MPRegen  0.37/turn              m - +4 ring of protection

@: no status effects
A: claws 1, cold resistance 1, negative energy resistance 3, inhibited
regeneration, torment resistance 2
a: Renounce Religion


You were on level 5 of the Dungeon.
You worshipped Wu Jian.
Wu Jian was noncommittal.
You visited 2 branches of the dungeon, and saw 6 of its levels.

You collected 341 gold pieces.

Inventory:

Missiles
 f - 12 boomerangs (quivered)
Armour
 b - a +2 scale mail (worn)
 q - a +1 helmet (worn)
Jewellery
 a - a ring of protection from cold
 i - an amulet of magic regeneration (around neck)
 k - a ring of magical power
 m - a +4 ring of protection (right claw)
 o - a +6 ring of dexterity
 p - a +6 ring of dexterity (left claw)
Wands
 y - a wand of paralysis (10)
 z - a wand of iceblast (8)
Scrolls
 e - 2 scrolls of enchant armour
 h - a scroll of summoning
 j - a scroll of vulnerability {unknown}
 s - a scroll of amnesia {unknown}
 t - a scroll of brand weapon {unknown}
 x - a scroll of fear {unknown}
 A - a scroll of holy word {unknown}
Potions
 c - a potion of attraction
 d - a potion of berserk rage {unknown}
 g - a potion of resistance {unknown}
 l - a potion of lignification {unknown}
 n - 3 potions of flight
 r - a potion of heal wounds {unknown}
 u - 2 potions of curing {unknown}
 v - 2 potions of degeneration {unknown}
 w - a potion of cancellation {unknown}
 B - 2 potions of haste {unknown}


   Skills:
 * Level 5.1 Fighting
 * Level 4.0 Armour
 + Level 3.4 Stealth
 * Level 4.1 Unarmed Combat
 + Level 2.4 Spellcasting
 - Level 2.3 Conjurations
 - Level 2.0 Necromancy
 + Level 1.7 Ice Magic
 + Level 2.7 Poison Magic
 + Level 2.7 Evocations


You had 7 spell levels left.
You knew the following spells:

 Your Spells              Type           Power      Damage    Failure   Level
a - Sting                 Tmut/Pois      12%        1d3       58%         1
b - Ozocubu's Armour      Ice            3%         N/A       88%         3

Your spell library contained the following spells:

 Spells                   Type           Power      Damage    Failure   Level
 Pain                     Necr           16%        1d4       50%         1
 Vampiric Draining        Necr           2%         2d6       86%         3
 Ignite Poison            Fire/Tmut/Pois 2%         N/A       95%         3
 Ozocubu's Refrigeration  Ice            1%         4d5       100%        7


Dungeon Overview and Level Annotations

Branches:
Dungeon (5/15)             Temple (1/1) D:4

Altars:
Ashenzari
Cheibriados
Elyvilon
Fedhas
Hepliaklqana
Kikubaaqudgha
Makhleb
Nemelex Xobeh
Okawaru
Qazlal
Ru
Sif Muna
Trog
Uskayaw
Vehumet
Wu Jian
Xom
Yredelemnul
Zin


Innate Abilities, Weirdness & Mutations

You thrive by killing the living.
You are immune to poison.
You have sharp fingernails.
Your flesh is cold resistant. (rC+)
You are immune to negative energy. (rN+++)
You do not regenerate when monsters are visible.
You are immune to unholy pain and torment.


Message History

A steam dragon is nearby!
You see here a +0 robe.
The steam dragon hisses angrily.
The steam dragon breathes steam at you. The ball of steam misses you.
You hear a shout!
An orc comes into view. It is wielding a +0 dagger.
The orc shouts!
You open the door.
There is an open door here.
You close the door.
An orc opens the door.
The steam dragon breathes steam at you.
The ball of steam hits you but does no damage.
A quokka comes into view.
You lunge at the quokka.
You barely miss the quokka. The quokka closely misses you.
You scratch the quokka.
The quokka is almost dead.
The quokka barely misses you.
You scratch the quokka.
You kill the quokka!
The Council accepts your kill.
You see here a quokka corpse.
Found a fizzy ruby potion.
g - a fizzy ruby potion The steam dragon breathes steam at you.
The ball of steam misses you. The steam dragon breathes steam at you.
The ball of steam hits you!
* * * LOW HITPOINT WARNING * * *
You are engulfed in a cloud of scalding steam.
You are engulfed in a cloud of scalding steam.
* * * LOW HITPOINT WARNING * * *
The steam dragon breathes steam at you. The ball of steam misses you.
You are engulfed in a cloud of scalding steam.
* * * LOW HITPOINT WARNING * * *
You are engulfed in a cloud of scalding steam.
You die...

.###.....#
.........#
.........#
.........### ###
...........# ..#
.........### #.#
#.###..##### #§#
#...#......# #§#
###.#.###### #@# #
#.#.# #####§# #
#.#.# #§..#§#
###.#.######.#.#§#
....#.†....#.#D#§#
############D#.#D#
#§#...# #D#####
#.#.o.#


There were no monsters in sight!

Vanquished Creatures
  A sky beast (D:5)
  An orc warrior (D:4)
  3 ogres (D:5)
  A centaur (D:5)
  A gnoll sergeant (D:4)
  A water moccasin zombie (D:5)
  A hound (D:4)
  An orc priest (D:4)
  A bullfrog skeleton (D:4)
  Ijyb (D:3)
  A scorpion zombie (D:5)
  5 iguanas
  An orc wizard (D:2)
  A killer bee zombie (D:5)
  Robin (D:3)
  12 gnolls
  A howler monkey skeleton (D:5)
  5 adders
  A white imp (D:5)
  An ufetubus (D:3)
  A dart slug (D:4)
  9 orcs
  6 ball pythons
  5 bats
  8 endoplasms
  A giant cockroach (D:3)
  9 hobgoblins
  5 jackals (D:1)
  4 kobolds
  5 quokkas
  6 frilled lizards
  21 goblins
  4 rats
125 creatures vanquished.

Vanquished Creatures (others)
  An orc (D:5)
1 creature vanquished.

Grand Total: 126 creatures vanquished

Notes
Turn   | Place    | Note
-------+----------+-------------------------------------------
     0 | D:1      | CuBeRJAN3 the Ghoul Wanderer began the quest for the Orb.
     0 | D:1      | CuBeRJAN3 set off with the following items: a +0 club, a +2
                  | scale mail; and the following spells available to memorise:
                  | Pain, Sting, Vampiric Draining, Ignite Poison
     0 | D:1      | Reached XP level 1. HP: 17/17 MP: 1/1
   134 | D:1      | Reached XP level 2. HP: 25/25 MP: 2/2
   533 | D:1      | Learned a level 1 spell: Sting
   631 | D:1      | Reached XP level 3. HP: 30/30 MP: 3/3
   759 | D:1      | Reached skill level 1 in Unarmed Combat
  1123 | D:2      | Found a faded altar of an unknown god.
  1373 | D:2      | Reached skill level 1 in Poison Magic
  1373 | D:2      | Reached XP level 4. HP: 33/37 MP: 4/4
  3035 | D:3      | Noticed Robin
  3093 | D:2      | Reached XP level 5. HP: 27/44 MP: 6/6
  3234 | D:2      | Reached skill level 3 in Fighting
  3466 | D:3      | Killed Robin
  3625 | D:3      | Noticed Ijyb
  3892 | D:3      | Noticed a phantom
  3897 | D:3      | Learned a level 3 spell: Ozocubu's Armour
  4034 | D:3      | Killed Ijyb
  4678 | D:3      | Reached XP level 6. HP: 35/51 MP: 7/7
  4926 | D:4      | Noticed an orc warrior
  6075 | D:4      | Found a staircase to the Ecumenical Temple.
  6350 | D:4      | Killed an orc warrior
  6351 | D:4      | Reached XP level 7. HP: 58/58 MP: 8/8
  6365 | Temple   | Entered the Ecumenical Temple
  6590 | Temple   | Became a worshipper of the Wu Jian Council
  6696 | D:5      | Entered Level 5 of the Dungeon
  6714 | D:4      | Reached skill level 4 in Fighting
  6807 | D:5      | Noticed a steam dragon
  7365 | D:5      | Reached XP level 8. HP: 46/67 MP: 10/10
  7531 | D:5      | Reached skill level 1 in Ice Magic
  8356 | D:5      | Reached skill level 5 in Fighting
  8527 | D:5      | Noticed a wyvern
  8685 | D:5      | Engulfed by a steam dragon's steam

Illustrated notes

Levels and vault maps discovered:
D:1:      psy_arrival_spokes, layout_basic, chequers_arboretum, minmay_quantized
D:2:      layout_basic, basic_altar, hellmonk_ecumenical_altar_lost_god,
          minmay_misc_feat_diagonals
D:3:      kennysheep_the_goblin_king, layout_basic, uniq_robin
D:4:      layout_rooms, minmay_temple_entry_grid
D:5:      layout_basic, serial_park_tiny_1, st_stairs_8,
          eino_small_chamber_without_monster, roderic_serpentine_path,
          kennysheep_boxes
Temple:   eino_narrow_crystal_temple

Skill      XL: |  1  2  3  4  5  6  7  8 |
---------------+-------------------------+-----
Unarmed Combat | 1 2 3 4 |  4.1
Poison Magic   | 1 2 |  2.7
Armour         | 2 3 4 |  4.0
Fighting       | 3 4 5 |  5.1
Conjurations   | 2 |  2.3
Stealth        | 2 3 |  3.4
Evocations     | 2 |  2.7
Spellcasting   | 2 |  2.4
Ice Magic      | 1 |  1.7
Necromancy     | |  2.0

Action                   |  1- 3 |  4- 6 |  7- 9 || total
-------------------------+-------+-------+-------++-------
Melee: Unarmed           |   140 |   357 |   202 ||   699
       Punch             |     1 |     5 |     7 ||    13
Throw: Boomerang         |       |     7 |       ||     7
 Cast: Sting             |     1 |       |     1 ||     2
Invok: Lunge             |       |       |     3 ||     3
Evoke: Wand              |       |     3 |     2 ||     5
  Use: Scroll            |     3 |     2 |     1 ||     6
Armor: Scale mail        |    75 |   214 |   120 ||   409
Dodge: Dodged            |    61 |   186 |    93 ||   340
